 Dungeon Crawl Stone Soup version 0.27-a0-1579-g97d2440184 (webtiles) character file.

Game seed: 9420878802628786468

261 Spaninq the Ruffian (level 5, 0/54 HPs)
             Began as a Troll Wanderer on July 17, 2021.
             Slain by Pikel (5 damage)
             ... on level 4 of the Dungeon.
             The game lasted 00:05:29 (1996 turns).

Spaninq the Ruffian (Troll Wanderer)                Turns: 1996, Time: 00:05:30

Health: 0/54       AC:  4    Str: 21    XL:     5   Next: 96%
Magic:  4/4        EV:  9    Int:  9    God:
Gold:   187        SH:  0    Dex:  8    Spells: 4/4 levels left

rFire    . . .     SeeInvis .     - Unarmed
rCold    . . .     Faith    .   (no shield)
rNeg     . . .     Spirit   .   c - +0 robe
rPois    .         Reflect  .   (helmet restricted)
rElec    .         Harm     .   (no cloak)
rCorr    .         Rampage  .   (gloves unavailable)
Will     .....                  (boots unavailable)
Stlth    +.........             (no amulet)
HPRegen  1.18/turn              (no ring)
MPRegen  0.09/turn              (no ring)

@: no status effects
A: large, unfitting armour, claws 3, regeneration 1, shaggy fur 1, tough skin 1
a: no special abilities


You were on level 4 of the Dungeon.
You visited 1 branch of the dungeon, and saw 4 of its levels.

You collected 187 gold pieces.

Inventory:

Hand Weapons
 a - a +2 mace
Armour
 c - a +0 robe (worn)
Jewellery
 p - a +6 ring of dexterity
Wands
 l - a wand of flame (11)
Scrolls
 e - a scroll of magic mapping {unknown}
 f - a scroll of vulnerability {unknown}
 h - a scroll of fog {unknown}
 i - a scroll of teleportation {unknown}
 j - 5 scrolls of identify {unknown}
 o - a scroll of enchant armour {unknown}
Potions
 b - a potion of lignification
 d - a potion of degeneration {unknown}
 g - a potion of heal wounds {unknown}
 k - a potion of ambrosia {unknown}
 m - a potion of invisibility {unknown}
 n - a potion of brilliance {unknown}


   Skills:
 + Level 3.7 Fighting
 - Level 1.0 Maces & Flails
 - Level 1.0 Throwing
 - Level 1.0 Dodging
 - Level 1.0 Shields
 * Level 4.7 Unarmed Combat
 - Level 1.3 Conjurations
 - Level 1.0 Necromancy


You had 4 spell levels left.
You didn't know any spells.
Your spell library contained the following spells:

 Spells                   Type           Power      Damage    Failure   Level
 Summon Lightning Spire   Summ/Air       0%         N/A       99%         4
 Storm Form               Tmut/Air       0%         N/A       100%        7
 Maxwell's Capacitive Co  Air            0%         ∞         100%        8


Dungeon Overview and Level Annotations

Branches:
Dungeon (4/15)
 Temple: D:4-7

Altars:
Xom
Yredelemnul

Shops:
D:4 [(

Annotations:
D:4 Pikel


Innate Abilities, Weirdness & Mutations

You are too large for most types of armour.
You have claws for hands.
Your natural rate of healing is unusually fast.
You are covered in fur. (AC +1)
You have tough skin. (AC +1)


Message History

The lemure shouts!
A lemure comes into view.
The lemure shouts!
You hear a shout!
Pikel the Slaver comes into view.
He is wielding a +1 whip of freezing, wearing a +2 robe of fire resistance and carrying a wand of paralysis (9).
Pikel shouts!
Pikel moves out of view.
You closely miss the lemure. The lemure hits you.
You closely miss the lemure. The lemure hits you.
You closely miss the lemure. The lemure hits you but does no damage.
Pikel drinks a potion.
Pikel goes berserk!
You scratch the lemure but do no damage.
You completely miss Pikel. You miss Pikel. Pikel barely misses you.
Pikel hits you with a +1 whip of freezing!
Pikel freezes you.
You scratch Pikel.
Pikel is lightly wounded.
Pikel barely misses you.
You scratch Pikel but do no damage.
Pikel is lightly wounded.
Pikel hits you with a +1 whip of freezing!
Pikel freezes you.
You barely miss Pikel.
Pikel hits you with a +1 whip of freezing!
Pikel freezes you.
A kobold comes into view. It is wielding a +0 short sword.
Pikel completely misses you.
The kobold shouts!
You scratch Pikel but do no damage.
Pikel hits you with a +1 whip of freezing!
* * * LOW HITPOINT WARNING * * *
Pikel freezes you.
* * * LOW HITPOINT WARNING * * *
Pikel completely misses you.
Pikel hits you with a +1 whip of freezing!
* * * LOW HITPOINT WARNING * * *
Pikel freezes you.
* * * LOW HITPOINT WARNING * * *
Pikel hits you with a +1 whip of freezing.
You die...

##### #...# #...# ##...#
####....# ### .........#
#.# ..## #..<# ###.#####
...##...# #.......#
#..##@## #..^....#
#..#K## #.......#
##..K.#######.......#
####.....5..5..........#
.........####....##.....
.###....#####.>.##..≈≈≈.
##.......##.####.≈≈≈≈≈
##......5....####.≈≈≈≈≈
.........#...#...#.≈≈≈≈≈


You could see Pikel (berserk), a lemure and a kobold.

Vanquished Creatures
  2 lemures (D:4)
  A howler monkey (D:4)
  An orc priest (D:3)
  A scorpion zombie (D:3)
  2 orc wizards (D:3)
  Robin (D:2)
  3 adders
  An adder zombie (D:3)
  6 orcs (D:3)
  5 ball pythons
  4 bats
  2 endoplasms
  2 giant cockroaches
  14 goblins
  6 hobgoblins
  6 jackals
  3 kobolds
  4 quokkas
  7 frilled lizards
71 creatures vanquished.

Notes
Turn   | Place    | Note
-------+----------+-------------------------------------------
     0 | D:1      | Spaninq the Troll Wanderer began the quest for the Orb.
     0 | D:1      | Spaninq set off with the following items: a +2 mace, a
                  | potion of lignification, a +0 robe
     0 | D:1      | Reached XP level 1. HP: 22/22 MP: 0/0
    53 | D:1      | Reached skill level 1 in Unarmed Combat
    98 | D:1      | Reached XP level 2. HP: 29/29 MP: 1/1
   188 | D:1      | Found a faded altar of an unknown god.
   396 | D:2      | Reached skill level 2 in Unarmed Combat
   495 | D:2      | Noticed Robin
   510 | D:2      | Reached XP level 3. HP: 36/36 MP: 2/2
   549 | D:2      | Killed Robin
   763 | D:2      | Found a shimmering altar of Xom.
   901 | D:3      | Reached skill level 3 in Unarmed Combat
   901 | D:3      | Reached XP level 4. HP: 43/45 MP: 3/3
  1050 | D:3      | Reached XP level 5. HP: 53/53 MP: 4/4
  1249 | D:3      | Reached skill level 4 in Unarmed Combat
  1393 | D:3      | Found a basalt altar of Yredelemnul.
  1850 | D:4      | Found Atwoh's Antique Armour Boutique.
  1870 | D:4      | Noticed a lemure
  1870 | D:4      | Noticed a lemure
  1919 | D:4      | Killed a lemure
  1921 | D:4      | Killed a lemure
  1949 | D:4      | Found Judoylim's Antique Weapon Boutique.
  1971 | D:4      | Noticed a lemure
  1971 | D:4      | Noticed a lemure
  1973 | D:4      | Noticed Pikel
  1996 | D:4      | Slain by Pikel

Illustrated notes

Levels and vault maps discovered:
D:1:      dpeg_arrival_solitude, layout_rooms,
          shapermc_ecumenical_altar_mp_highgroup
D:2:      layout_basic, basic_altar, minmay_split_cup_small, uniq_robin
D:3:      layout_basic, lemuel_zombie_altar_yredelemnul, nrook_loot_triangle
D:4:      layout_rooms, serial_shops, nicolae_lakefront_shop, shop, shop,
          nicolae_take_the_stairs, hangedman_decor_growths, uniq_pikel

Skill      XL: |  1  2  3  4  5 |
---------------+----------------+-----
Unarmed Combat | 1 2 3 4 |  4.7
Fighting       | 3 |  3.7
Maces & Flails | |  1.0
Throwing       | |  1.0
Dodging        | |  1.0
Shields        | |  1.0
Conjurations   | |  1.3
Necromancy     | |  1.0

Action                   |  1- 3 |  4- 6 || total
-------------------------+-------+-------++-------
Melee: Mace              |    19 |       ||    19
       Unarmed           |    80 |   102 ||   182
       Punch             |     1 |     4 ||     5
Armor: Robe              |    47 |    26 ||    73
Dodge: Dodged            |    51 |    35 ||    86

Table legend: (Time is in decaauts)
 A = Elapsed time spent in this place.
 B = Non-inter-level travel time spent in this place.
 C = Inter-level travel time spent in this place.
 D = Time resting spent in this place.
 E = Time spent auto-exploring this place.
 F = Levels seen in this place.
 G = Mean time per level.
                   A        B        C        D        E       F      G
               +--------+--------+--------+--------+--------+-----+--------+
         Total |   1991 |   1935 |     56 |      0 |   1435 |   4 |  497.8 |
       Dungeon |   1991 |   1935 |     56 |      0 |   1435 |   4 |  497.8 |
               +--------+--------+--------+--------+--------+-----+--------+

Top non-repeatable levels by time:
     D:3: 896 daAuts
     D:2: 538 daAuts
     D:1: 354 daAuts
     D:4: 202 daAuts
